 Dungeon Crawl Stone Soup version 0.30.1-11-g7821555f0a (webtiles) character file.

Game seed: 10655533067349987815

66 bnorton916 the Magician (level 3, -4/19 HPs)
             Began as a Deep Elf Fire Elementalist on Nov 28, 2023.
             Shot with a sling bullet by a hobgoblin (6 damage)
             ... on level 2 of the Dungeon.
             The game lasted 00:02:54 (2012 turns).

bnorton916 the Magician (DEFE)                      Turns: 2012, Time: 00:02:54

Health: -4/19      AC:  2    Str:  5    XL:     3   Next: 96%
Magic:  4/10       EV: 12    Int: 21    God:
Gold:   90         SH:  0    Dex: 15    Spells: 7/10 levels left

rFire   . . .        (no weapon)
rCold   . . .        (no shield)
rNeg    . . .        a - +0 robe
rPois   .            (no helmet)
rElec   .            (no cloak)
rCorr   .            (no gloves)
SInv    .            (no boots)
Will    .....        (no amulet)
Stlth   ++           (no ring)
HPRegen 0.23/turn    (no ring)
MPRegen 0.12/turn

%: no passive effects
@: no status effects
A: no striking features
a: no special abilities


You were on level 2 of the Dungeon.
You visited 1 branch of the dungeon, and saw 2 of its levels.

You collected 90 gold pieces.

Inventory:

Hand Weapons
 e - a +1 long sword of freezing
 j - a +2 short sword of holy wrath
Missiles
 f - 2 poisoned darts
Armour
 a - a +0 robe (worn)
Scrolls
 c - 2 scrolls of teleportation {unknown}
 g - a scroll of summoning {unknown}
Potions
 b - a potion of magic
 d - a potion of brilliance {unknown}
 h - a potion of invisibility {unknown}
 i - a potion of resistance {unknown}
 k - a potion of might {unknown}


   Skills:
 - Level 2.4 Dodging
 - Level 2.4 Stealth
 + Level 4.2 Spellcasting
 + Level 2.4 Conjurations
 + Level 4.1 Fire Magic


You had 7 spell levels left.
You knew the following spells:

 Your Spells              Type           Power      Damage    Failure   Level
a - Foxfire               Conj/Fire      72%        2x1d7     3%          1
b - Scorch                Fire           42%        2d7       3%          2

Your spell library contained the following spells:

 Spells                   Type           Power      Damage    Failure   Level
 Apportation              Tloc           8%         N/A       12%         1
 Necrotise                Necr           16%        1d4       12%         1
 Summon Small Mammal      Summ           16%        N/A       12%         1
 Inner Flame              Hex/Fire       13%        N/A       16%         3
 Volatile Blastmotes      Fire/Tloc      26%        2d12      16%         3
 Hailstorm                Conj/Ice       9%         3d4       22%         3
 Flame Wave               Conj/Fire      18%        2d7       30%         4
 Gell's Gravitas          Tloc           4%         N/A       34%         3
 Teleport Other           Tloc           4%         N/A       34%         3
 Ice Form                 Ice/Tmut       4%         N/A       75%         4
 Dispersal                Tloc           2%         N/A       100%        6
 Simulacrum               Ice/Necr       2%         N/A       100%        6


Dungeon Overview and Level Annotations

Branches:
Dungeon (2/15)

Altars:


Message History

You kill the bat!
Casting: Foxfire (safe; 3% risk of failure)
Confirm with . or Enter, or press ? or * to list all spells.
You conjure some foxfire!
The bat barely misses you.
The foxfire hits the bat.
You kill the bat!
The foxfire hits the dart slug.
The dart slug is heavily wounded.
Casting: Foxfire (safe; 3% risk of failure)
Confirm with . or Enter, or press ? or * to list all spells.
You conjure some foxfire!
The dart slug launches a dart at you. The slug dart hits you.
The foxfire hits the dart slug!
You kill the dart slug!
Unknown command.
You start resting.
Your foxfire dissipates!
You start resting.
A hobgoblin comes into view.
It is wielding a +0 hand axe and wearing a +2 scale mail of fire resistance.
A hobgoblin is nearby!
A hobgoblin is nearby!
Casting: Foxfire (safe; 3% risk of failure)
Confirm with . or Enter, or press ? or * to list all spells.
You conjure some foxfire!
The hobgoblin shouts!
The hobgoblin unwields a +0 hand axe.
The hobgoblin wields a +0 sling.
The hobgoblin shoots a sling bullet.
The sling bullet barely misses you.
The sling bullet closely misses your foxfire.
The foxfire hits the hobgoblin.
The hobgoblin resists.
The hobgoblin is heavily wounded.
The foxfire hits the hobgoblin but does no damage.
The hobgoblin is heavily wounded.
The hobgoblin shoots a sling bullet.
The sling bullet barely misses you.
The hobgoblin shoots a sling bullet.
The sling bullet barely misses you.
The hobgoblin shoots a sling bullet.
The sling bullet hits you.
The hobgoblin shoots a sling bullet.
The sling bullet hits you.
* * * LOW HITPOINT WARNING * * *
The hobgoblin shoots a sling bullet.
The sling bullet hits you.
You die...

.........#.............
.........#.............
.........#.............
.........#............
.........#.......>.####
.......................
...........####..#####
.........#.......####
.........######.@...###.#
PPP.PPPPPPPPP####.......##
P...P.P...P[P#####.###...####
PPP.P.PPP.P.P##........)....
..........P...#.#.#.g.....#
PPPPP.PPPPP.P...#.#.......#
P.....P...P.P..##.#.......##..
PPPPP.PPP)P.P.###.#...........
P...P...P...P........>†....##.


You could see a hobgoblin.

Vanquished Creatures
  2 adders (D:2)
  A worm (D:2)
  4 dart slugs
  4 bats
  2 endoplasms (D:1)
  2 giant cockroaches
  A goblin (D:2)
  5 hobgoblins
  2 quokkas (D:1)
  4 ball pythons (D:1)
  4 frilled lizards (D:1)
  4 kobolds (D:1)
  2 rats (D:1)
37 creatures vanquished.

Vanquished Creatures (collateral kills)
  6 foxfires (D:2)
6 creatures vanquished.

Vanquished Creatures (others)
  96 foxfires
96 creatures vanquished.

Grand Total: 139 creatures vanquished

Notes
Turn   | Place    | Note
-------+----------+-------------------------------------------
     0 | D:1      | bnorton916 the Deep Elf Fire Elementalist began the quest
                  | for the Orb.
     0 | D:1      | Reached XP level 1. HP: 10/10 MP: 6/6
   392 | D:1      | Found a faded altar of an unknown god.
   434 | D:1      | Reached XP level 2. HP: 15/15 MP: 5/8
   437 | D:1      | Learned a level 2 spell: Scorch
  1618 | D:1      | Reached XP level 3. HP: 19/19 MP: 7/10
  2012 | D:2      | Shot with a sling bullet by a hobgoblin

Illustrated notes

Levels and vault maps discovered:
D:1:      amcnicky_arrival_abandoned_market, layout_loops_ring,
          dreamdust_ecumenical_altar_grove, minmay_domino_4
D:2:      layout_rooms, minmay_hedge_maze, amcnicky_mini_rare_corridor_liquid

Skill      XL: |  1  2  3 |
---------------+----------+-----
Conjurations   | 2 |  2.4
Fire Magic     | 4 |  4.1
Spellcasting   | 4 |  4.2
Dodging        | |  2.4
Stealth        | |  2.4

Action                     || total
---------------------------++-------
   Cast: Foxfire           ||    61
         Scorch            ||    12
 Armour: Robe              ||     7
  Dodge: Dodged            ||    25
